 Dungeon Crawl Stone Soup version 0.19-a0-1740-g0bcaf2e (webtiles) character file.

85 Amnesiac the Digger (level 4, -1/30 HPs)
             Began as a Mummy Earth Elementalist on Oct 2, 2016.
             Slain by a hound (5 damage)
             ... on level 4 of the Dungeon.
             The game lasted 00:02:49 (1130 turns).

Amnesiac the Digger (Mummy Earth Elementalist)      Turns: 1130, Time: 00:02:49

Health: -1/30      AC:  3    Str: 11    XL:     4   Next: 25%
Magic:  3/7        EV: 12    Int: 14    God:
Gold:   57         SH:  0    Dex: 13    Spells: 2 memorised, 4 levels left

rFire  x . .     SeeInvis .     b - 36 stones
rCold  + . .     Gourm    .     c - +1 robe
rNeg   + + +     Faith    .     (no shield)
rPois  ∞         Spirit   .     (no helmet)
rElec  .         Dismiss  .     (no cloak)
rCorr  .         Reflect  .     (no gloves)
MR     .....     Harm     .     (no boots)
Stlth  ++........               (no amulet)
                                (no ring)
                                h - ring of flight

@: no status effects
A: no food or potions, fire vulnerability, cold resistance 1, negative energy
resistance 3, torment resistance, unbreathing
a: Evoke Flight


You were on level 4 of the Dungeon.
You were not hungry.

You visited 1 branch of the dungeon, and saw 4 of its levels.

You collected 57 gold pieces.

Inventory:

Hand Weapons
 g - a +0 flail
 j - a +0 dagger
Missiles
 b - 36 stones (in hand)
Armour
 c - a +1 robe (worn)
Jewellery
 h - a ring of flight (left hand)
Wands
 i - a wand of acid (8/15)
Scrolls
 a - a scroll of identify
 f - a scroll of fog {unknown}
Books
 d - a book of Geomancy

   Spells                             Type                      Level
   a - Sandblast                      Earth                        1
   b - Passwall                       Transmutation/Earth          2
   c - Stone Arrow                    Conjuration/Earth            3
   d - Petrify                        Transmutation/Earth          4
   e - Lee's Rapid Deconstruction     Earth                        5


   Skills:
 - Level 1.5 Dodging
 - Level 1.5 Stealth
 - Level 2.0 Spellcasting
 - Level 0.7 Transmutations
 + Level 4.2 Earth Magic


You had 4 spell levels left.
You knew the following spells:

 Your Spells              Type           Power        Failure   Level  Hunger
f - Sandblast             Erth           ##....       4%          1    N/A
v - Passwall              Tmut/Erth      #.........   17%         2    N/A

Dungeon Overview and Level Annotations

Branches:
Dungeon (4/15)
 Temple: D:4-7

Altars:

Annotations:
D:4 Robin


Innate Abilities, Weirdness & Mutations

You do not eat or drink.
Your flesh is vulnerable to fire.
You are immune to poison.
Your flesh is cold resistant. (rC+)
You are immune to negative energy. (rN+++)
You are immune to unholy pain and torment.
You can survive without breathing.


Message History

The hound bites you.
* * * LOW HITPOINT WARNING * * *
The hound bites you.
* * * LOW HITPOINT WARNING * * *
The adder hisses angrily.
The hound completely misses you.
As you read the scroll labeled TATSAO LEITIVE, it crumbles to dust.
It is a scroll of enchant armour.
Your +0 robe glows green for a moment.
The hound barely misses you. The hound bites you but does no damage.
Unknown command.
Casting: Sandblast
Confirm with . or Enter, or press ? or * to list all spells.
Aiming: Sandblast
Press: ? - help, Shift-Dir - straight line, f - hound
Aim: a hound The rocky blast misses the hound.
The rocky blast hits the adder.
You kill the adder!
The hound bites you.
You die...

#..........#
#..........#
#..o........#
#...###o......
#.........$..?
###o......##..
#.......# .
...#######oa.....#
.......@h.s.......
...#######.......#
#####.### ... ###


You could see a scorpion, a hound, a worker ant and an orc.

Vanquished Creatures
  3 gnolls (D:2)
  An adder (D:4)
  A shadow imp (D:4)
  2 worms
  2 dart slugs
  An orc (D:3)
  2 giant cockroaches (D:2)
  6 goblins
  4 hobgoblins
  4 bats
  A frilled lizard (D:2)
  2 kobolds
  3 rats (D:1)
32 creatures vanquished.

Notes
Turn   | Place    | Note
-------+----------+-------------------------------------------
     0 | D:1      | Amnesiac the Mummy Earth Elementalist began the quest for the Orb.
     0 | D:1      | Reached XP level 1. HP: 13/13 MP: 3/3
   336 | D:2      | Reached XP level 2. HP: 16/19 MP: 0/5
   343 | D:2      | Learned a level 2 spell: Passwall
   430 | D:2      | Reached skill level 3 in Earth Magic
   604 | D:2      | Reached XP level 3. HP: 24/24 MP: 0/6
  1041 | D:4      | Reached skill level 4 in Earth Magic
  1042 | D:4      | Noticed Robin
  1044 | D:4      | Reached XP level 4. HP: 30/30 MP: 1/7
  1130 | D:4      | Slain by a hound

Vault maps used:
D:1:      dpeg_arrival_arbitrary_c, minmay_misc_feat_secret_circle,
          kennysheep_small_spiral, hangedman_decor_lopped
D:3:      lemuel_round_altar
D:4:      old_standard_altar, first_bread, uniq_robin, uniq_menkaure

Skill      XL: |  1  2  3 |
---------------+----------+-----
Earth Magic    | 3 4 |  4.2
Dodging        | |  1.5
Stealth        | |  1.5
Spellcasting   | |  2.0
Transmutations | |  0.7

Action                   |  1- 3 |  4- 6 || total
-------------------------+-------+-------++-------
Melee: Unarmed           |     5 |       ||     5
 Cast: Sandblast         |    52 |     7 ||    59
  Use: Scroll            |     1 |     1 ||     2
Armor: Robe              |     6 |     1 ||     7
Dodge: Dodged            |     9 |     7 ||    16
